 Dungeon Crawl Stone Soup version 0.29.0-13-gc9e81de378 (webtiles) character file.

Game seed: 11793953500688850382

3745 pacmanke6689 the Impaler (level 10, -8/71 HPs)
             Began as a Merfolk Gladiator on Sept 10, 2022.
             Was a Priest of Hepliaklqana.
             Killed by divine providence
             ... invoked by a smoke demon
             ... summoned by a kobold demonologist
              (16 damage)
             ... on level 8 of the Dungeon.
             The game lasted 00:23:36 (7799 turns).

pacmanke6689 the Impaler (Merfolk Gladiator)        Turns: 7799, Time: 00:23:36

Health: -8/71      AC:  9    Str: 19    XL:     10   Next: 15%
Magic:  9/9        EV: 16    Int:  6    God:    Hepliaklqana [***...]
Gold:   120        SH:  0    Dex: 15    Spells: 9/9 levels left

rFire   + . .      SeeInvis .   a - +1 trident (flame)
rCold   . . .      Faith    .   (no shield)
rNeg    . . .      Spirit   .   f - +2 leather armour {rF+}
rPois   .          Reflect  .   c - +2 helmet
rElec   .          Harm     .   (no cloak)
rCorr   .          Rampage  .   u - +0 pair of gloves
Will    .....                   (no boots)
Stlth   ++........              d - amulet of the acrobat
HPRegen 0.21/turn               (no ring)
MPRegen 0.11/turn               (no ring)

@: studying Polearms
A: reduced essence, (nimble swimmer 2), mertail, dopey 1, low MP 1
a: Renounce Religion, Recall Ancestor, Ancestor Identity, Transference


You were on level 8 of the Dungeon.
You worshipped Hepliaklqana.
Hepliaklqana was most pleased with you.
You visited 2 branches of the dungeon, and saw 9 of its levels.

You collected 571 gold pieces.
You spent 451 gold pieces at shops.

Inventory:

Hand Weapons
 a - a +1 trident of flaming (weapon)
Missiles
 e - a javelin (quivered)
 v - a throwing net
Armour
 c - a +2 helmet (worn)
 f - a +2 leather armour of fire resistance (worn)
 u - a +0 pair of gloves (worn)
Jewellery
 d - an amulet of the acrobat (around neck)
Wands
 l - a wand of acid (18)
 n - a wand of roots (8)
 s - a wand of digging (5)
Scrolls
 h - 5 scrolls of teleportation
 j - 2 scrolls of fog
 k - 2 scrolls of blinking
 m - 3 scrolls of magic mapping
 p - 2 scrolls of immolation
 t - 3 scrolls of identify
 w - a scroll of fear
Potions
 b - a potion of magic
 i - a potion of lignification
 o - 2 potions of attraction
 q - 2 potions of curing
 r - 4 potions of haste


   Skills:
 + Level 7.1 Fighting
 + Level 17.0 Polearms
 + Level 2.2 Throwing
 + Level 3.5 Armour
 + Level 8.5 Dodging
 + Level 4.1 Stealth


You had 9 spell levels left.
You didn't know any spells.
Your spell library contained the following spells:

 Spells                   Type           Power      Damage    Failure   Level
 Sublimation of Blood     Necr           0%         N/A       65%         2
 Confusing Touch          Hex            0%         N/A       86%         3
 Portal Projectile        Hex/Tloc       0%         N/A       86%         3
 Tukima's Dance           Hex            0%         N/A       86%         3
 Passage of Golubria      Tloc           0%         N/A       99%         4
 Petrify                  Tmut/Erth      0%         N/A       99%         4
 Blade Hands              Tmut           0%         N/A       100%        5
 Irradiate                Conj/Tmut      0%         3d11      100%        5
 Yara's Violent Unravell  Hex/Tmut       0%         3d3       100%        5
 Enfeeble                 Hex            0%         N/A       100%        7


Dungeon Overview and Level Annotations

Branches:
Dungeon (8/15)             Temple (1/1) D:4
   Lair: D:8-11

Altars:
Ashenzari
Cheibriados
Dithmenos
Elyvilon
Fedhas
Hepliaklqana
Kikubaaqudgha
Makhleb
Nemelex Xobeh
Okawaru
Qazlal
Ru
Trog
Uskayaw
Vehumet
Wu Jian
Xom
Yredelemnul
Zin
The Shining One

Shops:
D:2 *   D:4 [   D:5 (   D:6 [   D:7 :?=([

Annotations:
D:8 1 transporter


Innate Abilities, Weirdness & Mutations

Your life essence is reduced to manifest your ancestor. (-10% HP)
((You are very nimble when in or above water. (Stealth+, EV+, Speed+++)))
Your lower body shifts to a powerful aquatic tail in water.
You are dopey. (Int -2)
Your magical capacity is low. (-10% MP)


Message History

The shadow imp splashes around in the water.
The smoke demon gestures at you. The sticky flame hits you. You resist.
The ufetubus closely misses you. x2
The kobold demonologist completely misses you.
The shadow imp barely misses you.
You barely miss the kobold demonologist.
The kobold demonologist is severely wounded.
The shadow imp misses you. The ufetubus misses you.
The ufetubus completely misses you.
The kobold demonologist is engulfed in a cloud of scalding steam.
The shadow imp is engulfed in a cloud of scalding steam.
The shadow imp gestures at you. Pain shoots through your body!
The ufetubus is engulfed in a cloud of scalding steam.
The ufetubus dies!
The ufetubus disappears in a puff of smoke!
The shadow imp is engulfed in a cloud of scalding steam.
The shadow imp gestures at you. Pain shoots through your body!
* * * LOW HITPOINT WARNING * * *
The shadow imp is engulfed in a cloud of scalding steam.
The shadow imp dies!
The kobold demonologist is engulfed in a cloud of scalding steam.
The kobold demonologist casts a spell.
Your legs become a tail as you enter the water.
The shadow imp is engulfed in a cloud of scalding steam.
The shadow imp dies!
The shadow imp disappears in a puff of smoke!
The smoke demon hits you.
* * * LOW HITPOINT WARNING * * *
The smoke demon misses you.
The smoke demon hits you but does no damage.
The kobold demonologist casts a spell.
The red devil misses you.
Blink to where?
Press: ? - help, Dir - move target
As you read the scroll of blinking, it crumbles to dust.
The smoke demon gestures at you. Something smites you!
You die...

#.# #..............# ##.#.#. #.#
#.#..#.#######.# ##.##. #.#
#...##.#######.######### #.#
#..................## # #.#
##.###############..# #
####.######.#8~#..5Koo5#~8#..####
#........##.#P.#≈≈≈≈≈≈≈#.~#......
#.#..##..#..#$!#..~~3..#..#......
#.#........©#©.+@.~⌠§..'.©#©.....
#.#.##...#..#$$#..~~§3.#..#..####
#.>......##.#P.#≈≈≈≈4≈≈#.P#.## #
###[.....##.#8~#....)K.#P8#.# #
####.####.###############.# # #.#
#.................# # #.#
######.......#.##### # #.#
#......#####.#.# #
#.###......##......#### #


You could see 2 kobold demonologists, 2 smoke demons, a red devil (summoned), 2
orc priests and 2 shadow imps.

Vanquished Creatures
  A two-headed ogre (D:8)
  Edmund (D:5)
  3 ice beasts
  2 black bears (D:7)
  2 ogres
  A centaur (D:5)
  2 phantoms
  A bullfrog (D:7)
  2 gnoll sergeants
  2 scorpions
  5 wights (D:8)
  3 howler monkeys (D:8)
  A jelly (D:5)
  5 hounds
  2 orc priests
  An iguana (D:5)
  Terence (D:3)
  4 orc wizards
  7 gnolls
  8 adders
  A white imp (D:6)
  An ufetubus (D:5)
  4 worms
  11 orcs
  6 ball pythons
  6 endoplasms
  2 giant cockroaches
  9 goblins
  12 hobgoblins
  3 quokkas
  2 bats (D:3)
  2 frilled lizards
  7 kobolds
  6 rats
126 creatures vanquished.

Vanquished Creatures (collateral kills)
  Grinder (D:6)
  A water moccasin (D:6)
  An ice beast (D:8)
  An ogre (D:7)
  A kobold brigand (D:8)
  A bullfrog (D:7)
  2 wights (D:8)
  A howler monkey (D:7)
  3 orc priests
  A gnoll bouda (D:7)
  An iguana (D:5)
  5 gnolls (D:7)
  A dart slug (D:5)
  6 orcs
  A quokka (D:5)
  2 kobolds (D:8)
29 creatures vanquished.

Vanquished Creatures (others)
  A battlemage (D:8)
  2 ancestors
  A shadow imp (D:8)
  2 plants (D:8)
6 creatures vanquished.

Grand Total: 161 creatures vanquished

Notes
Turn   | Place    | Note
-------+----------+-------------------------------------------
     0 | D:1      | pacmanke6689 the Merfolk Gladiator began the quest for the
                  | Orb.
     0 | D:1      | Reached XP level 1. HP: 16/16 MP: 1/1
   311 | D:1      | Reached XP level 2. HP: 23/23 MP: 2/2
   694 | D:1      | Gained mutation: Your magical capacity is low. (-10% MP)
                  | [potion of mutation]
   694 | D:1      | Gained mutation: You are dopey. (Int -2) [potion of
                  | mutation]
  1276 | D:2      | Reached XP level 3. HP: 25/28 MP: 2/2
  1543 | D:2      | Found Uttaoky's Assorted Antiques.
  1547 | D:2      | Bought a scroll labelled LEPTUM OQYU for 23 gold pieces
  1547 | D:2      | Bought a scroll labelled YDGHIR VYOCRUBI for 23 gold pieces
  1547 | D:2      | Bought a scroll labelled XUIT UPLY HIJO for 23 gold pieces
  1547 | D:2      | Bought a scroll of identify for 46 gold pieces
  1997 | D:3      | Reached XP level 4. HP: 27/34 MP: 3/3
  2145 | D:3      | Reached skill level 5 in Dodging
  2300 | D:3      | Reached skill level 1 in Armour
  2305 | D:3      | Reached skill level 5 in Polearms
  2322 | D:3      | Reached XP level 5. HP: 28/41 MP: 4/4
  2561 | D:3      | Noticed Terence
  2578 | D:3      | Killed Terence
  2790 | D:3      | Reached XP level 6. HP: 37/47 MP: 5/5
  3027 | D:4      | Identified a scroll of acquirement
  3027 | D:4      | Acquired a manual of Polearms
  3038 | D:4      | Reached skill level 6 in Polearms
  3191 | D:4      | Found a staircase to the Ecumenical Temple.
  3213 | Temple   | Entered the Ecumenical Temple
  3321 | Temple   | Became a worshipper of Hepliaklqana the Forgotten
  3570 | D:4      | Found an ornate altar of the Wu Jian Council.
  3851 | D:4      | Found Qutaseuf's Antique Armour Emporium.
  3896 | D:4      | Reached * piety under Hepliaklqana
  3983 | D:5      | Entered Level 5 of the Dungeon
  3983 | D:5      | Found a broken altar of Ashenzari.
  4049 | D:5      | Paralysed by an orc for 2 turns
  4062 | D:5      | Reached skill level 7 in Polearms
  4106 | D:5      | Reached skill level 1 in Stealth
  4106 | D:5      | Reached XP level 7. HP: 45/47 MP: 6/6
  4133 | D:5      | Reached skill level 8 in Polearms
  4173 | D:5      | Reached skill level 9 in Polearms
  4199 | D:5      | Noticed Edmund
  4242 | D:5      | Killed Edmund
  4243 | D:5      | Reached skill level 10 in Polearms
  4623 | D:5      | Reached XP level 8. HP: 38/54 MP: 7/7
  4775 | D:5      | Found Adafecsef's Weapon Boutique.
  4780 | D:5      | Reached skill level 11 in Polearms
  5235 | D:6      | Reached skill level 12 in Polearms
  5262 | D:6      | Reached skill level 5 in Fighting
  5551 | D:6      | Noticed Grinder
  5562 | D:6      | Killed Grinder
  5563 | D:6      | Reached skill level 13 in Polearms
  5633 | D:6      | Found a glowing silver altar of Zin.
  5705 | D:6      | Found an iron altar of Okawaru.
  5744 | D:6      | Found Ykleur's Antique Armour Shop.
  5761 | D:6      | Reached ** piety under Hepliaklqana
  5762 | D:6      | Remembered your ancestor Leofric as a battlemage
  6089 | D:7      | Found Taem's Armour Shoppe.
  6121 | D:7      | Reached XP level 9. HP: 61/61 MP: 8/8
  6143 | D:7      | Reached skill level 14 in Polearms
  6296 | D:7      | Found a hide-covered altar of Uskayaw.
  6352 | D:7      | Found a basalt altar of Yredelemnul.
  6377 | D:7      | Noticed a profane servitor
  6517 | D:7      | Found a glowing golden altar of the Shining One.
  6519 | D:7      | Noticed an angel
  6588 | D:7      | Found Dacajusisa's Weapon Shop.
  6623 | D:7      | Reached skill level 15 in Polearms
  6660 | D:7      | Found Utecro Fupo's Magic Scroll Shoppe.
  6733 | D:7      | Found Igga's Book Boutique.
  6741 | D:7      | Bought a book of Weapons for 336 gold pieces
  6756 | D:7      | Found Fuegemamei's Jewellery Boutique.
  6968 | D:8      | Noticed a two-headed ogre
  6975 | D:8      | Killed a two-headed ogre
  6976 | D:8      | Reached skill level 16 in Polearms
  7173 | D:8      | Reached XP level 10. HP: 69/69 MP: 9/9
  7211 | D:8      | Reached *** piety under Hepliaklqana
  7223 | D:8      | Found a sparkling altar of Nemelex Xobeh.
  7308 | D:8      | Reached skill level 17 in Polearms
  7450 | D:8      | Found a transporter.
  7529 | D:8      | Noticed a kobold demonologist
  7637 | D:8      | Found a transporter.
  7642 | D:8      | Noticed a kobold demonologist
  7752 | D:8      | Noticed a sun demon
  7762 | D:8      | Noticed a sun demon
  7788 | D:8      | Noticed a smoke demon
  7799 | D:8      | Noticed a smoke demon
  7799 | D:8      | Killed from afar by a smoke demon

Illustrated notes

Levels and vault maps discovered:
D:1:      dpeg_arrival_chambers_temple_mockup, layout_basic,
          ebering_dispersal_statue_hall, dreamdust_wishing_well,
          chequers_serial_rivers_micro_c, minivault_5,
          chequers_serial_rivers_large_a
D:2:      minmay_diamond_boxcup, layout_rooms, serial_shops, shop
D:3:      layout_basic, uniq_terence
D:4:      layout_cave_pods, mainiacjoe_overflow_six_doors_small, temple_pool_b,
          nicolae_stop_n_shop_1
D:5:      layout_gridville, mainiacjoe_overflow_catwalk, st_stairs_5,
          kennysheep_windowed_goal, uniq_edmund
D:6:      hellmonk_destroyed_diamonds, layout_loops_ring,
          mainiacjoe_overflow_cross_hatched, zin_treasury, serial_shops, shop,
          uniq_grinder
D:7:      layout_gridville, grunt_temple_overflow_holy_war,
          nicolae_overflow_hidden_temple, serial_shops, shop,
          nicolae_shop_competitors_out_of_business, kennysheep_mini,
          nicolae_shop_behind_doors, nicolae_square_shop, chequers_garden
D:8:      gammafunk_wand_slinger, layout_loops_cross, amcnicky_altar_gilded
Temple:   nicolae_temple_x_marks_the_god

Skill      XL: |  1  2  3  4  5  6  7  8  9 10 |
---------------+-------------------------------+-----
Dodging        | 5 6 7 8 |  8.5
Armour         | 1 2 3 |  3.5
Polearms       | 5 7 10 13 16 17 | 17.0
Fighting       | 3 4 5 6 7 |  7.1
Stealth        | 1 3 4 |  4.1
Throwing       | |  2.2

Action                   |  1- 3 |  4- 6 |  7- 9 | 10-12 || total
-------------------------+-------+-------+-------+-------++-------
Melee: Trident           |    92 |   126 |   173 |    50 ||   441
       Punch             |       |       |     2 |     1 ||     3
       Tailslap          |       |       |       |     4 ||     4
Invok: Ancestor Life: Ba |       |       |     1 |       ||     1
  Use: Scroll            |    13 |     4 |     8 |     1 ||    26
       Potion            |     1 |     1 |     1 |     1 ||     4
 Stab: Sleeping          |     1 |     1 |       |       ||     2
       Distracted        |       |       |     2 |       ||     2
Armor: Leather armour    |    32 |    49 |    36 |    11 ||   128
Dodge: Dodged            |    51 |    84 |   123 |    51 ||   309
